 Dungeon Crawl Stone Soup version 0.31-a0-851-g7ff8af7976 (webtiles) character file.

Game seed: 13552463919103483018

4823 Gladio the Fighter (level 10, -4/79 HPs)
             Began as a Djinni Necromancer on Oct 6, 2023.
             Was a Believer of Makhleb.
             Killed by divine providence
             ... invoked by an orc priest
              (12 damage)
             ... on level 8 of the Dungeon.
             The game lasted 00:41:13 (7255 turns).

Gladio the Fighter (Djinni Necromancer)             Turns: 7255, Time: 00:41:14

Health: -4/79      AC:  7    Str:  7    XL:     10   Next: 77%
Gold:   233        EV: 13    Int: 26    God:    Makhleb [**....] SH:  0 Dex: 14

rFire   + + .        c - +1 dagger (venom)
rCold   x . .        (no shield)
rNeg    . . .        C - +0 acid dragon scales
rPois   ∞            (no helmet)
rElec   .            (no cloak)
rCorr   +            A - +0 pair of gloves "Ketirgha" {rF+ rC- Int+5}
SInv    .            (boots unavailable)
Will    +....        (no amulet)
Stlth   +            g - ring of ice
HPRegen 0.33/turn    (no ring)
MPRegen 0.00/turn

%: infuse magic (-5 HP)
@: flying
A: sickness immunity, fire resistance 2, cold vulnerability 1, float, innate
caster, HP casting, extra vitality 1
a: Renounce Religion, Minor Destruction


You were on level 8 of the Dungeon.
You worshipped Makhleb.
Makhleb was pleased with you.
You visited 2 branches of the dungeon, and saw 9 of its levels.

You collected 532 gold pieces.
You spent 299 gold pieces at shops.

Inventory:

Hand Weapons
 c - a +1 dagger of venom (weapon)
 x - a +2 morningstar of distortion
Armour
 a - a +0 robe
 A - the +0 pair of gloves "Ketirgha" (worn) {rF+ rC- Int+5}
   (You bought it in a shop on level 2 of the Dungeon)

   Int+5:     It affects your intelligence (+5).
   rF+:       It protects you from fire.
   rC-:       It makes you vulnerable to cold.
 B - a +0 leather armour
 C - +0 acid dragon scales (worn)
 L - a +1 robe of fire resistance
Jewellery
 g - a ring of ice (left hand)
 h - a ring of positive energy
 E - a ring of ice
Wands
 t - a wand of paralysis (5)
 F - a wand of light (5)
 H - a wand of digging (1)
Scrolls
 b - 3 scrolls of noise
 e - a scroll of enchant armour {unknown}
 f - 2 scrolls of poison {unknown}
 j - 3 scrolls of revelation
 n - 3 scrolls of fog
 p - a scroll of fear {unknown}
 s - 4 scrolls of torment {unknown}
 u - a scroll of silence {unknown}
 y - 2 scrolls of immolation {unknown}
 z - a scroll of vulnerability {unknown}
 I - a scroll of enchant weapon {unknown}
 J - 2 scrolls of identify
 K - a scroll of amnesia {unknown}
 M - a scroll of acquirement {unknown}
Potions
 d - a potion of might
 i - a potion of resistance
 k - 2 potions of haste
 l - 3 potions of cancellation
 m - 2 potions of degeneration {unknown}
 o - 2 potions of heal wounds
 q - 3 potions of enlightenment
 r - a potion of ambrosia {unknown}
 v - 2 potions of experience {unknown}
 D - a potion of lignification {unknown}
 G - a potion of magic {unknown}


   Skills:
 * Level 9.7 Fighting
 - Level 6.0 Dodging
 - Level 1.5 Stealth
 * Level 7.7 Spellcasting
 * Level 7.7 Conjurations
 * Level 7.7 Hexes
 * Level 7.7 Summonings
 * Level 7.7 Necromancy
 * Level 7.7 Translocations
 * Level 7.7 Transmutations
 * Level 7.7 Fire Magic
 * Level 7.7 Ice Magic
 * Level 7.7 Air Magic
 * Level 7.7 Earth Magic
 * Level 7.7 Poison Magic
 + Level 4.5 Invocations


You knew the following spells:

 Your Spells              Type           Power      Damage    Failure   Level
a - Necrotise             Necr           100%       1d9       1%          1
b - Vampiric Draining     Necr           50%        2d9       1%          3
c - Animate Dead          Necr           50%        N/A       4%          4
d - Agony                 Necr           50%        N/A       13%         5
e - Sandblast             Erth           100%       2d20      1%          1
f - Call Imp              Summ           100%       N/A       1%          2
g - Static Discharge      Conj/Air       100%       2-7/arc   1%          2
h - Anguish               Hex/Necr       25%        N/A       4%          4
Your spell library was empty.

Dungeon Overview and Level Annotations

Branches:
Dungeon (8/15)             Temple (1/1) D:7
   Lair: D:8-11

Altars:
Ashenzari
Cheibriados
Dithmenos
Elyvilon
Fedhas
Gozag
Hepliaklqana
Makhleb
Nemelex Xobeh
Okawaru
Qazlal
Ru
Trog
Uskayaw
Wu Jian
Xom
Yredelemnul
Zin
The Shining One

Shops:
D:2 [*:


Innate Abilities, Weirdness & Mutations

You are immune to sickness and miasma.
You are immune to poison.
Your flesh is very heat resistant. (rF++)
You are vulnerable to cold. (rC-)
You float through the air rather than walking.
You learn spells naturally, not from books.
Your magical power is your life essence.
You have superior vitality. (+4 MHP)


Message History

A puff of flame appears from out of thin air!
The puff of flame hits your yak zombie.
The orc hits your yak zombie with a +0 short sword.
The orc is wracked by anguish.
Your yak zombie closely misses the orc priest.
The orc priest calls upon Beogh to heal the orc.
The orc's wounds heal themselves!
Your yak zombie appears confused.
The orc hits your yak zombie with a +0 short sword.
The orc is wracked by anguish.
Your yak zombie gores your yak zombie!
The orc priest miscasts a cantrip.
Something hits your yak zombie.
The orc hits your yak zombie with a +0 short sword.
The orc is wracked by anguish.
Your yak zombie gores the orc.
The orc dies!
Makhleb accepts your kill.
You can now harness Makhleb's destructive might.
The orc priest looks encouraged for a moment.
Something hits your yak zombie.
Your magical contamination has completely faded away.
Your yak zombie gores something!
Makhleb accepts your kill.
Reactivating autopickup.
You feel a bit more experienced.
The orc priest invokes the aid of Beogh against you.
Beogh smites you!
* * * LOW HITPOINT WARNING * * *
What are your orders? t - Shout!
Orders for allies: a - Attack new target. p - Attack previous target. r - Retreat! s - Stop attacking. g - Guard the area. f - Follow me.
Anything else - Cancel.
Gang up on whom?
Press: ? - help, Dir - move target, f/p - orc priest
Aim: an orc priest, wielding a +0 whip and wearing a +2 leather armour of willpower (almost dead, ally target) Attack!
The orc priest mumbles some strange prayers to Beogh against you.
Beogh smites you!
You die...

###### ..... #o.o #
#o. #.#o###########
#..)ZZ.@..>...####
#...)######.......+
#..... #.#######
#....#. #.#
#....#o####.##
###### #<....#
#..#..# #.....#
#.....######


You could see an orc priest (ally target) and 2 friendly yak zombies.

Vanquished Creatures
  A boulder beetle (D:7)
  A cyclops (D:7)
  Maggie (D:7)
  A troll (D:7)
  A yak (D:8)
  A steam dragon (D:7)
  Duvessa (D:7)
  An orc warrior (D:8)
  2 sky beasts
  An ogre (D:5)
  A phantom (D:6)
  A kobold brigand (D:6)
  3 bullfrogs
  3 scorpions
  Dowan (D:7)
  3 wights (D:7)
  3 killer bees (D:8)
  6 howler monkeys
  A hound (D:3)
  4 orc priests
  A gnoll bouda (D:6)
  A jelly (D:5)
  2 sleepcaps (D:6)
  An iguana (D:5)
  5 orc wizards
  4 gnolls
  6 adders
  2 shadow imps
  2 white imps (D:7)
  An ufetubus (D:6)
  3 worms
  5 dart slugs
  16 orcs
  8 ball pythons
  6 endoplasms
  3 giant cockroaches
  2 goblins
  6 hobgoblins
  6 jackals
  11 kobolds
  A quokka (D:1)
  2 bats
  5 rats
136 creatures vanquished.

Vanquished Creatures (collateral kills)
  2 yaks (D:8)
  A vampire (D:7)
  A centaur (D:8)
  A bullfrog (D:7)
  A jelly (D:7)
  An orc wizard (D:8)
  3 gnolls (D:8)
  An adder (D:3)
  2 orcs
  A goblin (D:1)
  A frilled lizard (D:1)
  A rat (D:1)
16 creatures vanquished.

Vanquished Creatures (others)
  A yak (D:8)
  An orc warrior (D:8)
  A cyclops zombie (D:7)
  A centaur zombie (D:8)
  2 killer bee zombies (D:8)
  2 howler monkey zombies (D:7)
  A steam dragon zombie (D:7)
  An orc (D:8)
  An orc zombie (D:7)
11 creatures vanquished.

Grand Total: 163 creatures vanquished

Notes
Turn   | Place    | Note
-------+----------+-------------------------------------------
     0 | D:1      | Gladio the Djinni Necromancer began the quest for the Orb.
     0 | D:1      | Gladio set off with the following spells memorised:
                  | Necrotise, Vampiric Draining, Animate Dead, Agony.
     0 | D:1      | Reached XP level 1. HP: 15/15 MP: 0/0
   134 | D:1      | Reached XP level 2. HP: 21/22 MP: 0/0
   152 | D:1      | Reached skill level 1 in Fighting
   221 | D:1      | Reached XP level 3. HP: 24/27 MP: 0/0
   221 | D:1      | Learned a level 1 spell: Sandblast
   851 | D:2      | Found Teigrau's Antique Armour Shoppe.
  1153 | D:2      | Found Vykihat's General Store.
  1157 | D:2      | Bought a scroll of identify for 24 gold pieces
  1168 | D:2      | Reached skill level 2 in Fighting
  1168 | D:2      | Reached XP level 4. HP: 31/33 MP: 0/0
  1376 | D:2      | Found Basuwnet's Book Emporium.
  1623 | D:3      | Reached XP level 5. HP: 39/39 MP: 0/0
  1623 | D:3      | Learned a level 2 spell: Call Imp
  2235 | D:4      | Reached skill level 3 in Fighting
  2235 | D:4      | Reached XP level 6. HP: 43/46 MP: 0/0
  2658 | D:5      | Entered Level 5 of the Dungeon
  2684 | D:5      | Found a shadowy altar of Dithmenos.
  2711 | D:5      | Identified the +2 morningstar of Eternal Vigilance {pain,
                  | Str+3}
  2765 | D:5      | Noticed an ogre
  2773 | D:5      | Killed an ogre
  2839 | D:5      | Reached skill level 4 in Fighting
  2839 | D:5      | Reached XP level 7. HP: 46/52 MP: 0/0
  2839 | D:5      | Learned a level 2 spell: Static Discharge
  3009 | D:5      | Found a snail-covered altar of Cheibriados.
  3779 | D:2      | Bought a pair of smouldering gloves for 275 gold pieces
  3779 | D:2      | Identified the +0 pair of gloves "Ketirgha" {rF+ rC- Int+5}
                  | (You bought it in a shop on level 2 of the Dungeon)
  4069 | D:5      | HP: 1/53 [shadow imp (5)]
  4419 | D:6      | Reached skill level 5 in Spellcasting
  4419 | D:6      | Reached skill level 5 in Conjurations
  4419 | D:6      | Reached skill level 5 in Hexes
  4419 | D:6      | Reached skill level 5 in Summonings
  4419 | D:6      | Reached skill level 5 in Necromancy
  4419 | D:6      | Reached skill level 5 in Translocations
  4419 | D:6      | Reached skill level 5 in Transmutations
  4419 | D:6      | Reached skill level 5 in Fire Magic
  4419 | D:6      | Reached skill level 5 in Ice Magic
  4419 | D:6      | Reached skill level 5 in Air Magic
  4419 | D:6      | Reached skill level 5 in Earth Magic
  4419 | D:6      | Reached skill level 5 in Poison Magic
  4426 | D:6      | Reached skill level 5 in Fighting
  4728 | D:6      | You are sucked into a shaft and drop 2 floors!
  4738 | D:7      | Noticed Maggie
  4764 | D:7      | Killed Maggie
  4765 | D:7      | Reached XP level 8. HP: 35/61 MP: 0/0
  4902 | D:6      | Reached skill level 5 in Dodging
  5133 | D:6      | Reached skill level 6 in Fighting
  5290 | D:7      | Found an opulent altar of Gozag.
  5329 | D:7      | Noticed Duvessa
  5391 | D:7      | Found a staircase to the Ecumenical Temple.
  5397 | D:7      | Reached XP level 9. HP: 43/67 MP: 0/0
  5397 | D:7      | Learned a level 4 spell: Anguish
  5402 | Temple   | Entered the Ecumenical Temple
  5533 | Temple   | Became a worshipper of Makhleb the Destroyer
  5611 | D:7      | Noticed Dowan
  5616 | D:7      | Killed Dowan
  5700 | D:7      | Reached skill level 1 in Invocations
  5763 | D:7      | Reached skill level 7 in Fighting
  6024 | D:7      | Killed Duvessa
  6028 | D:7      | Noticed a cyclops
  6158 | D:7      | Killed a cyclops
  6159 | D:7      | Reached skill level 8 in Fighting
  6194 | D:7      | Noticed a boulder beetle
  6302 | D:7      | Killed a boulder beetle
  6303 | D:7      | Reached XP level 10. HP: 32/77 MP: 0/0
  6498 | D:7      | Reached skill level 9 in Fighting
  6500 | D:7      | Reached * piety under Makhleb
  6838 | D:7      | Found a glowing silver altar of Zin.
  7247 | D:8      | HP: 2/79 [orc priest/divine providence (14)]
  7252 | D:8      | Reached ** piety under Makhleb
  7255 | D:8      | Killed from afar by an orc priest

Illustrated notes

Levels and vault maps discovered:
D:1:      lightli_molten_gateway, layout_loops_ring
D:2:      layout_loops_ring, serial_shops, shop, nicolae_shop_advertising_works
          [nicolae_subvault_shop_adworks], shop, chequers_serial_rivers_micro_a,
          minmay_misc_feat_secret_circle
D:3:      layout_loops_ring
D:4:      layout_rooms
D:5:      layout_loops_corners, chei_slow_surprise,
          mainiacjoe_overflow_large_starburst
D:6:      layout_loops_cross
D:7:      minmay_chambers_of_sevens, layout_rooms,
          pdpol_temple_overflow_zin_treasury_gozag_greed,
          minmay_temple_entry_proselytizer, uniq_duvessa, uniq_maggie
D:8:      layout_basic, special_room [special_room_orc], uniq_maurice
Temple:   minmay_crystal_spiral_temple

Skill      XL: |  1  2  3  4  5  6  7  8  9 10 |
---------------+-------------------------------+-----
Fighting       | 1 2 3 4 5 6 8 9 |  9.7
Dodging        | 3 4 5 6 |  6.0
Spellcasting   | 4 5 7 |  7.7
Conjurations   | 4 5 7 |  7.7
Hexes          | 4 5 7 |  7.7
Summonings     | 4 5 7 |  7.7
Necromancy     | 4 5 7 |  7.7
Translocations | 4 5 7 |  7.7
Transmutations | 4 5 7 |  7.7
Fire Magic     | 4 5 7 |  7.7
Ice Magic      | 4 5 7 |  7.7
Air Magic      | 4 5 7 |  7.7
Earth Magic    | 4 5 7 |  7.7
Poison Magic   | 4 5 7 |  7.7
Invocations    | 3 4 |  4.5
Stealth        | |  1.5

Action                     |  1- 3 |  4- 6 |  7- 9 | 10-12 || total
---------------------------+-------+-------+-------+-------++-------
  Melee: Unarmed           |    27 |       |       |       ||    27
         Dagger            |       |     5 |    26 |     5 ||    36
   Cast: Necrotise         |    49 |    49 |    54 |    13 ||   165
         Sandblast         |    10 |    19 |    41 |     2 ||    72
         Vampiric Draining |     4 |    11 |    51 |    30 ||    96
         Call Imp          |       |     3 |    13 |     3 ||    19
         Animate Dead      |       |     1 |     5 |     3 ||     9
         Static Discharge  |       |       |     1 |     4 ||     5
         Anguish           |       |       |     1 |     3 ||     4
  Evoke: Wand              |       |     1 |     8 |       ||     9
    Use: Potion            |       |     1 |     3 |     1 ||     5
         Scroll            |       |     6 |     6 |       ||    12
   Stab: Paralysed         |       |     2 |    18 |       ||    20
 Armour: Robe              |    29 |     7 |     2 |       ||    38
         Leather armour    |       |       |    24 |       ||    24
         Acid dragon scale |       |       |    42 |    32 ||    74
  Dodge: Dodged            |    38 |    14 |    54 |    33 ||   139

Table legend: (Time is in decaauts)
 A = Elapsed time spent in this place.
 B = Non-inter-level travel time spent in this place.
 C = Inter-level travel time spent in this place.
 D = Time resting spent in this place.
 E = Time spent auto-exploring this place.
 F = Levels seen in this place.
 G = Mean time per level.
                   A        B        C        D        E       F      G
               +--------+--------+--------+--------+--------+-----+--------+
         Total |   7275 |   6443 |    832 |      0 |   5286 |   9 |  808.3 |
       Dungeon |   7112 |   6369 |    743 |      0 |   5215 |   8 |  889.0 |
        Temple |    162 |     73 |     89 |      0 |     71 |   1 |  162.0 |
               +--------+--------+--------+--------+--------+-----+--------+

Top non-repeatable levels by time:
     D:7: 1551 daAuts
     D:5: 1386 daAuts
     D:6: 922 daAuts
     D:1: 843 daAuts
     D:2: 818 daAuts
     D:3: 713 daAuts
     D:4: 497 daAuts
     D:8: 380 daAuts
  Temple: 162 daAuts
